 Dungeon Crawl Stone Soup version 0.18.1-48-g4cf74bf (webtiles) character file.

2737 Krovax999 the Digger (level 9, -9/52 HPs)
             Began as a Gargoyle Earth Elementalist on July 4, 2016.
             Was a Follower of Vehumet.
             Mangled by an orc warrior
             ... wielding a +0 short sword
              (18 damage)
             ... on level 7 of the Dungeon on July 12, 2016.
             The game lasted 01:29:30 (9784 turns).

Krovax999 the Digger (Gargoyle Earth Elementalist)  Turns: 9784, Time: 01:29:31

Health: -9/52      AC: 13    Str: 12    XL:     9   Next: 67%
Magic:  2/19       EV: 13    Int: 17    God:    Vehumet [*.....]
Gold:   228        SH:  0    Dex: 12    Spells: 5 memorised, 6 levels left

rFire  . . .     SeeInvis +     y - +2 flail (protect)
rCold  . . .     Gourm    .     a - +1 robe
rNeg   + . .     Faith    .     (no shield)
rPois  ∞         Spirit   .     (no helmet)
rElec  +         Dismiss  .     (no cloak)
rCorr  +         Reflect  .     (no gloves)
SustAt .         Harm     .     (no boots)
MR     .....                    t - amulet of regeneration
Stlth  ++........               s - ring of see invisible
                                o - ring of resist corrosion

@: not resistant to hostile enchantments, unstealthy
A: negative energy resistance 1, electricity resistance, unbreathing,
petrification resistance, rot immunity, AC +5
a: Renounce Religion


You were on level 7 of the Dungeon.
You worshipped Vehumet.
Vehumet was aware of your devotion.
You were not hungry.

You visited 1 branch of the dungeon, and saw 7 of its levels.

You collected 228 gold pieces.

Inventory:

Hand Weapons
 q - a +1 dagger of venom
 v - a +0 lajatang
 y - a +2 flail of protection (weapon)
Missiles
 b - 162 stones (quivered)
 u - 7 needles of confusion
Armour
 a - a +1 robe (worn)
Jewellery
 o - a ring of resist corrosion (left hand)
 s - a ring of see invisible (right hand)
 t - an amulet of regeneration (around neck)
Scrolls
 k - a scroll of immolation
Potions
 e - 2 potions of heal wounds {unknown}
 f - a potion of haste {unknown}
 g - 2 potions of curing
 i - a potion of brilliance {unknown}
 m - a potion of might {unknown}
 n - a potion of agility
 p - a potion of mutation {unknown}
 z - 2 potions of invisibility {unknown}
Books
 c - a book of Geomancy

   Spells                             Type                      Level
   a - Sandblast                      Earth                        1
   b - Passwall                       Transmutation/Earth          2
   c - Stone Arrow                    Conjuration/Earth            3
   d - Petrify                        Transmutation/Earth          4
   e - Lee's Rapid Deconstruction     Earth                        5
 x - a book of the Warp

   Spells                             Type                      Level
   a - Recall                         Summoning/Translocation      3
   b - Gell's Gravitas                Hexes/Translocation          3
   c - Force Lance                    Conjuration/Translocation    4
   d - Warp Weapon                    Charms/Translocation         5
   e - Summon Forest                  Summoning/Translocation      5
Comestibles
 d - 4 bread rations
 h - 2 slices of pizza
 j - 6 chunks of flesh
 l - a meat ration


   Skills:
 * Level 4.6 Fighting
 + Level 2.3(2.5) Maces & Flails
 - Level 1.2(2.0) Staves
 + Level 4.1 Dodging
 + Level 2.7 Stealth
 + Level 6.7 Spellcasting
 * Level 5.4 Conjurations
 * Level 2.5 Translocations
 + Level 0.7 Transmutations
 - Level 7.2 Earth Magic


You had 6 spell levels left.
You knew the following spells:

 Your Spells              Type           Power        Failure   Level  Hunger
a - Sandblast             Erth           ####..       1%          1    None
b - Passwall              Trmt/Erth      ###.......   3%          2    None
c - Stone Arrow           Conj/Erth      ####..       2%          3    ##.....
d - Force Lance           Conj/Tloc      ###.....     24%         4    ####...
e - Lee's Rapid Deconstr  Erth           ####......   21%         5    #####..


Dungeon Overview and Level Annotations

Branches:
Dungeon (7/15)             Temple (0/1) D:4

Altars:
Ashenzari
Dithmenos
Kikubaaqudgha
Makhleb
Pakellas
Qazlal
Ru
Sif Muna
Vehumet
Xom


Innate Abilities, Weirdness & Mutations

You are resistant to torment.
Your stone body is resilient (AC +5).
You are immune to poison.
You resist negative energy.
You are resistant to electric shocks.
You can survive without breathing.
You are immune to petrification.
You are immune to rotting.


Message History

The orc warrior hits you with a short sword.
You hit the orc warrior.
The orc warrior is severely wounded.
The orc warrior hits you but does no damage.
You barely miss the orc warrior.
The orc warrior is severely wounded.
The orc warrior hits you with a short sword!
* * * LOW HITPOINT WARNING * * *
You are too injured to fight recklessly!
You closely miss the orc warrior.
The orc warrior is severely wounded.
The orc warrior hits you with a short sword!
* * * LOW HITPOINT WARNING * * *
The orc wizard casts a spell.
The orc wizard blinks!
The orc warrior hits you with a short sword.
* * * LOW HITPOINT WARNING * * *
You feel better.
The orc warrior hits you with a short sword!!
You die...

##...## #.#####..# ##....#
##.# .. ####....## #..# .
#.....### ###.## .# #.##..#
#...# ... #.#..## #.###
...#.#.## #####.###########
#.#.#.#####................
#.......zo@)##.############
###.......o#####. #
#.........## #. ..
#....#...o.# #.# .##
......##..#### #.# ..
##.##...#....#####.# #
....##.###z.......####. .
#...#)o...........
###...............


You could see an orc warrior, a wight, an orc wizard and an orc.

Vanquished Creatures
  Pikel (D:5)
  A spriggan (D:7)
  2 hippogriffs (D:7)
  Menkaure (D:7)
  An orc warrior (D:6)
  A slave (D:5)
  2 ice beasts
  A sky beast (D:5)
  2 ogres
  3 centaurs
  2 giant frogs (D:6)
  2 scorpions (D:5)
  2 wights (D:7)
  A howler monkey (D:7)
  A crimson imp (D:5)
  2 hounds
  A jelly (D:7)
  A giant frog skeleton (D:7)
  2 orc wizards (D:6)
  5 worker ants
  A hound skeleton (D:5)
  A worker ant zombie (D:7)
  4 gnolls (D:4)
  A river rat (D:4)
  10 adders
  A shadow imp (D:7)
  4 oozes
  An adder skeleton (D:5)
  4 worms
  2 dart slugs (D:1)
  8 giant geckos
  14 orcs
  4 bats
  6 giant cockroaches
  8 hobgoblins
  8 jackals
  10 kobolds
  2 quokkas
  4 ball pythons
  5 giant newts
  10 goblins
  A jackal skeleton (D:5)
  A quokka skeleton (D:6)
  5 rats
149 creatures vanquished.

Vanquished Creatures (others)
  A giant cockroach (D:5)
1 creature vanquished.

Grand Total: 150 creatures vanquished

Notes
Turn   | Place    | Note
--------------------------------------------------------------
     0 | D:1      | Krovax999 the Gargoyle Earth Elementalist began the quest for the Orb.
     0 | D:1      | Reached XP level 1. HP: 10/10 MP: 3/3
   200 | D:1      | Reached skill level 4 in Earth Magic
   200 | D:1      | Reached XP level 2. HP: 13/15 MP: 0/5
   589 | D:1      | Learned a level 2 spell: Passwall
  1130 | D:2      | Found a sacrificial altar of Ru.
  1138 | D:2      | Reached XP level 3. HP: 18/19 MP: 0/6
  1661 | D:2      | Learned a level 3 spell: Stone Arrow
  2096 | D:2      | Reached XP level 4. HP: 24/24 MP: 5/8
  2447 | D:2      | Reached skill level 1 in Conjurations
  3881 | D:3      | Reached XP level 5. HP: 28/28 MP: 5/9
  3952 | D:3      | Reached skill level 5 in Earth Magic
  4846 | D:3      | Found a stormy altar of Qazlal.
  4988 | D:4      | Noticed an ogre
  5133 | D:4      | Killed an ogre
  5133 | D:4      | Reached XP level 6. HP: 29/32 MP: 0/10
  5353 | D:4      | Reached skill level 6 in Earth Magic
  5622 | D:4      | Found a burning altar of Makhleb.
  5801 | D:4      | Reached skill level 1 in Fighting
  6115 | D:4      | Found a radiant altar of Vehumet.
  6121 | D:4      | Became a worshipper of Vehumet
  6297 | D:4      | Found a shattered altar of Ashenzari.
  6298 | D:4      | Found a shadowy altar of Dithmenos.
  6365 | D:4      | Found a staircase to the Ecumenical Temple.
  6450 | D:5      | Entered Level 5 of the Dungeon
  6450 | D:5      | Noticed an ice beast
  6456 | D:5      | Killed an ice beast
  6456 | D:5      | Reached XP level 7. HP: 38/38 MP: 2/12
  6550 | D:5      | Reached skill level 1 in Staves
  6684 | D:5      | Found a shimmering altar of Xom.
  6738 | D:5      | Learned a level 4 spell: Force Lance
  7282 | D:5      | Found an oddly glowing altar of Pakellas.
  7335 | D:5      | Noticed Pikel
  7385 | D:5      | Killed Pikel
  7385 | D:5      | Reached skill level 5 in Spellcasting
  7385 | D:5      | Reached skill level 7 in Earth Magic
  7385 | D:5      | Reached XP level 8. HP: 32/46 MP: 0/16
  7837 | D:5      | Found a deep blue altar of Sif Muna.
  8063 | D:6      | Reached skill level 1 in Maces & Flails
  8445 | D:6      | Learned a level 5 spell: Lee's Rapid Deconstruction
  8508 | D:6      | Reached XP level 9. HP: 52/52 MP: 10/18
  8605 | D:6      | Found an ancient bone altar of Kikubaaqudgha.
  9054 | D:6      | Reached skill level 1 in Translocations
  9437 | D:7      | Reached skill level 5 in Conjurations
  9442 | D:7      | Reached * piety under Vehumet
  9442 | D:7      | Offered knowledge of Sting by Vehumet.
  9445 | D:7      | Noticed Menkaure
  9478 | D:7      | Killed Menkaure
  9784 | D:7      | Mangled by an orc warrior

Skill      XL: |  1  2  3  4  5  6  7  8  9 |
---------------+----------------------------+-----
Earth Magic    | 4 5 6 7 |  7.2
Dodging        | 2 3 4 |  4.1
Conjurations   | 1 2 3 4 5 |  5.4
Spellcasting   | 3 5 6 |  6.7
Fighting       | 1 3 4 |  4.6
Staves         | 1 |  1.2
Maces & Flails | 1 2 |  2.3
Translocations | 2 |  2.5
Stealth        | |  2.7
Transmutations | |  0.7

Action                   |  1- 3 |  4- 6 |  7- 9 || total
-------------------------+-------+-------+-------++-------
Melee: Club              |    58 |    24 |       ||    82
       Flail             |       |    42 |   131 ||   173
       Lajatang          |       |    27 |    10 ||    37
 Cast: Sandblast         |    64 |    94 |    27 ||   185
       Stone Arrow       |       |    28 |    74 ||   102
       Lee's Rapid Decon |       |       |     5 ||     5
  Use: Scroll            |       |     9 |     7 ||    16
       Potion            |       |       |     1 ||     1
 Stab: Sleeping          |       |       |     1 ||     1
  Eat: Chunk             |     3 |    13 |     7 ||    23
       Beef jerky        |     1 |     1 |       ||     2
       Fruit             |       |     4 |       ||     4
       Meat ration       |       |       |     2 ||     2
       Royal jelly       |       |       |     1 ||     1
Armor: Robe              |    28 |    71 |    90 ||   189
Dodge: Dodged            |    70 |   128 |   142 ||   340
